[Event "*** Titled Tuesday Blitz"]
[Site "Chess.com"]
[Date "2018.01.02"]
[Round "6"]
[White "krzyzan94"]
[Black "gmmoranda"]
[Result "0-1"]
[WhiteElo "2610"]
[BlackElo "2734"]
[TimeControl "180+2"]
[EndTime "14:15:41 PST"]
[Termination "gmmoranda won by resignation"]

1. e4 c5 2. Nf3 d6 3. d4 cxd4 4. Nxd4 Nf6 5. Nc3 a6 6. Bg5 e6 7. f4 Be7 8. Qf3 h6 9. Bh4 Qc7 10. O-O-O Nbd7 11. Bd3 g5 12. fxg5 Ne5 13. Qf2 Nfg4 14.
Qe2 hxg5 15. Bg3 Bd7 16. Kb1 b5 17. h3 Nf6 18. Qe3 Nh5 19. Bh2 Qc5 20. Nf5 Qxe3 21. Nxe3 Nf4 22. Ne2 Nexd3 23. cxd3 Nxe2 0-1

[Event "*** Titled Tuesday Blitz"]
[Site "Chess.com"]
[Date "2018.01.02"]
[Round "6"]
[White "Jospem"]
[Black "EndgameGrinder"]
[Result "0-1"]
[WhiteElo "2605"]
[BlackElo "2458"]
[TimeControl "180+2"]
[EndTime "14:15:49 PST"]
[Termination "EndgameGrinder won on time"]

1. e4 c5 2. Nf3 e6 3. d4 cxd4 4. Nxd4 Nc6 5. Nc3 Qc7 6. Be3 a6 7. Qd2 Nf6 8. f3 Be7 9. O-O-O h5 10. h3 b5 11. Kb1 Bb7 12. Nxc6 Bxc6 0-1

[Event "*** Titled Tuesday Blitz"]
[Site "Chess.com"]
[Date "2018.01.02"]
[Round "6"]
[White "plouarzel"]
[Black "tomsishere"]
[Result "0-1"]
[WhiteElo "2337"]
[BlackElo "2298"]
[TimeControl "180+2"]
[EndTime "14:16:03 PST"]
[Termination "tomsishere won by resignation"]

1. e4 c5 2. Nf3 e6 3. d4 cxd4 4. Nxd4 Nc6 5. Nc3 Qc7 6. Be2 a6 7. O-O b5 8. a3 Bb7 9. Nxc6 Bxc6 10.
f4 Bc5+ 11. Kh1 Ne7 12. Bf3 O-O 13. e5 Qb7 14. Qe2 Nf5 15. Bxc6 Qxc6 16. Ne4 d5 17. exd6 Nxd6 18. Nxc5 Qxc5 19. Be3 Qc4 20. b3 Qxe2 0-1

[Event "*** Titled Tuesday Blitz"]
[Site "Chess.com"]
[Date "2018.01.02"]
[Round "6"]
[White "RaphaeI"]
[Black "hypert"]
[Result "1-0"]
[WhiteElo "2488"]
[BlackElo "2312"]
[TimeControl "180+2"]
[EndTime "14:16:58 PST"]
[Termination "RaphaeI won by resignation"]

1. d4 d5 2. c4 c6 3. Nf3 Nf6 4. e3 Bf5 5. Nc3 a6 6. Ne5 Nbd7 7. Qb3 Nxe5 8. dxe5 Nd7 9. cxd5 cxd5 10. Qxd5 e6 11. Qxb7 Nxe5 12. e4 Bg6 13. Bf4 Rb8 14. Qxa6 Rb6 15.
Bb5+ Nd7 16. Bxd7+ 1-0

[Event "*** Titled Tuesday Blitz"]
[Site "Chess.com"]
[Date "2018.01.02"]
[Round "6"]
[White "inegrepus"]
[Black "oskariot"]
[Result "1-0"]
[WhiteElo "2143"]
[BlackElo "2378"]
[TimeControl "180+2"]
[EndTime "14:17:01 PST"]
[Termination "inegrepus won by resignation"]

1. d4 e6 2. c4 Bb4+ 3. Bd2 a5 4. g3 f5 5. Bg2 Nf6 6. Nf3 O-O 7.
O-O Qe7 8. Bf4 Bd6 9. Bd2 c5 10. Nc3 cxd4 11. Nxd4 Nc6 12. Ndb5 Bc5 13. Nc7 Rb8 14.
Na4 Bd4 15. e3 Be5 16. Nb5 Ne4 17. f4 Bf6 18. Bxe4 fxe4 19. Bc3 Nb4 20. Qd6 Nd3 21. Qxb8 Qf7 22. Nd6 Qg6 23. Nxc8 h5 24. Bxf6 Qxf6 25.
Qxb7 h4 26. Kg2 hxg3 27. hxg3 Qg6 28. Ne7+ 1-0

[Event "*** Titled Tuesday Blitz"]
[Site "Chess.com"]
[Date "2018.01.02"]
[Round "6"]
[White "TheFlaminGM"]
[Black "FairChess_on_YouTube"]
[Result "0-1"]
[WhiteElo "2678"]
[BlackElo "2762"]
[TimeControl "180+2"]
[EndTime "14:17:09 PST"]
[Termination "FairChess_on_YouTube won by resignation"]

1. e4 c5 2. Nc3 a6 3. g3 b5 4.
Bg2 Bb7 5. Nh3 g6 6. O-O Bg7 7. d3 d6 8. f4 Nd7 9. f5 Ne5 10. Nf4 Nf6 11. a4 b4 12. Ncd5 Bxd5 13. Nxd5 Nxd5 14.
exd5 Bf6 15. Be4 g5 16. Qh5 Rg8 17. a5 Rb8 18. c4 Nd7 19. Kh1 Be5 20. Bxg5 Bxb2 21.
Rae1 Nf6 22. Qh4 Kd7 23. Bf3 Bc3 24. Re2 Rxg5 25. Qxg5 b3 26. Qc1 0-1

[Event "*** Titled Tuesday Blitz"]
[Site "Chess.com"]
[Date "2018.01.02"]
[Round "6"]
[White "Zufi1811"]
[Black "JammyDodger91"]
[Result "1-0"]
[WhiteElo "2409"]
[BlackElo "2374"]
[TimeControl "180+2"]
[EndTime "14:17:14 PST"]
[Termination "Zufi1811 won by resignation"]

1. e4 e5 2. Nf3 Nc6 3. Bb5 a6 4. Ba4 Nf6 5. O-O Be7 6. Re1 b5 7. Bb3 d6 8. c3 O-O 9. h3 Nb8 10. d4 Nbd7 11. c4 Bb7 12. Nc3 c6 13. a3 Qc7 14.
Bg5 Rfe8 15. Qc2 Bf8 16. Rad1 Rac8 17. Bh4 Qb6 18. Bg3 exd4 19. Nxd4 Nc5 20. Ba2 b4 21. axb4 Qxb4 22. Nf5 Rcd8 23. Bxd6 Bxd6 24. Rxd6 Bc8 25.
Rxd8 Rxd8 26. Ne7+ 1-0

[Event "*** Titled Tuesday Blitz"]
[Site "Chess.com"]
[Date "2018.01.02"]
[Round "6"]
[White "walkingcreep"]
[Black "chito89"]
[Result "0-1"]
[WhiteElo "2420"]
[BlackElo "2595"]
[TimeControl "180+2"]
[EndTime "14:17:24 PST"]
[Termination "chito89 won by checkmate"]

1. d4 g6 2. e4 Bg7 3. Nc3 d6 4. Be3 a6 5. h4 h5 6. Qd2 b5 7.
f3 Nd7 8. Nh3 c5 9. O-O-O cxd4 10. Bxd4 Ngf6 11. Kb1 Bb7 12. Be2 Rc8 13. a3 Nb6 14. Ng5 Nc4 15. Bxc4 Rxc4 16. Bxf6 Bxf6 17. Nd5 Bg7 18. Ne3 Rc5 19. g4 a5 20. gxh5 Rxh5 21. Ng4 b4 22. Qf4 Rhxg5 23. hxg5 bxa3 24. b3 a2+ 25. Kxa2 Rxc2+ 26. Ka3 Qb6 27. e5 Qc5+ 28. b4 Qc3+ 29.
Ka4 Ra2+ 30. Kb5 Qc6# 0-1

[Event "*** Titled Tuesday Blitz"]
[Site "Chess.com"]
[Date "2018.01.02"]
[Round "6"]
[White "DrVelja"]
[Black "DanielNaroditsky"]
[Result "0-1"]
[WhiteElo "2558"]
[BlackElo "2807"]
[TimeControl "180+2"]
[EndTime "14:17:38 PST"]
[Termination "DanielNaroditsky won by resignation"]

1. e4 e5 2. Nf3 Nc6 3. Bb5 a6 4.
Ba4 Nf6 5. O-O Be7 6. d3 b5 7.
Bb3 d6 8. a3 O-O 9. Nc3 Be6 10.
Nd5 Na5 11. Ba2 c6 12. Nxf6+ Bxf6 13. Bxe6 fxe6 14. b4 Nb7 15. c3 Qe8 16. Be3 Qg6 17. a4 d5 18. Qc2 Rf7 19. axb5 cxb5 20. Rfe1 Nd6 21. Bc5 Nb7 22. exd5 Qf5 23. dxe6 Qxe6 24. d4 Qc4 25. dxe5 Nxc5 26. exf6 Nd3 27. Re3 Nxb4 28. Qe4 Qxe4 29. Rxe4 Nd5 30. fxg7 Nxc3 31. Re6 b4 32. Rexa6 Rxa6 33. Rxa6 Rb7 34. Rc6 b3 35. Nd2 b2 36.
g3 Rd7 37. Rc8+ Kxg7 38. Rxc3 Rxd2 39. Rc7+ Kf8 40. Rc8+ Ke7 41. Rb8 Rd1+ 0-1

[Event "*** Titled Tuesday Blitz"]
[Site "Chess.com"]
[Date "2018.01.02"]
[Round "6"]
[White "Kimster98"]
[Black "chessdjw"]
[Result "0-1"]
[WhiteElo "2478"]
[BlackElo "2517"]
[TimeControl "180+2"]
[EndTime "14:17:44 PST"]
[Termination "chessdjw won by resignation"]

1. d4 Nf6 2. c4 g6 3. Nf3 Bg7 4. g3 O-O 5. Bg2 d5 6. cxd5 Nxd5 7. O-O Nb6 8. Nc3 Nc6 9. e3 Re8 10. Nh4 e5 11. d5 Nb4 12. e4 Nc4 13. a3 Na6 14.
Qe2 Nd6 15. Nf3 Nc5 16. b4 Nb3 17. Rb1 Nxc1 18. Rfxc1 Bd7 19. Nd2 a5 20. Nc4 axb4 21. Nxd6 cxd6 22. axb4 Bh6 23. Rc2 Qb6 24. Ra2 Rxa2 25.
Qxa2 Rc8 26. Qb3 Be3 27. Nd1 Bd4 28. Qa3 Rc2 29. Ne3 Rc3 30. Qa8+ Kg7 31. Nd1 Rc2 32. Qb8 Rc8 0-1

[Event "*** Titled Tuesday Blitz"]
[Site "Chess.com"]
[Date "2018.01.02"]
[Round "6"]
[White "mokerslag"]
[Black "TST2014"]
[Result "0-1"]
[WhiteElo "2358"]
[BlackElo "2310"]
[TimeControl "180+2"]
[EndTime "14:18:00 PST"]
[Termination "TST2014 won by resignation"]

1. e4 c5 2. Nf3 Nc6 3. d4 cxd4 4.
Nxd4 Nf6 5. Nc3 d6 6. g3 e5 7.
Nde2 Be6 8. Bg2 Qd7 9. O-O Bh3 10. Bg5 Be7 11. Bxf6 Bxf6 12. Nd5 Bd8 13. Re1 h5 14.
Ne3 h4 15. Bh1 hxg3 16. Nxg3 Bg5 17. Nef5 O-O-O 18. c3 g6 19. Ne3 f5 20. Nd5 f4 21.
Nf1 Bxf1 22. Kxf1 Rxh2 23. Qf3 Rdh8 24. Bg2 Bd8 25. Ke2 g5 26. Rh1 g4 27. Rxh2 gxf3+ 28. Bxf3 Rxh2 29. Rg1 Kb8 0-1

[Event "*** Titled Tuesday Blitz"]
[Site "Chess.com"]
[Date "2018.01.02"]
[Round "6"]
[White "BillieKimbah"]
[Black "ChessQueen"]
[Result "1-0"]
[WhiteElo "2739"]
[BlackElo "2634"]
[TimeControl "180+2"]
[EndTime "14:18:04 PST"]
[Termination "BillieKimbah won by resignation"]

1. d4 Nf6 2. c4 e6 3. Nf3 c5 4. d5 b5 5. e4 Nxe4 6. Bd3 Nf6 7. Nc3 bxc4 8. Bxc4 Ba6 9. Bxa6 Nxa6 10. O-O Nb4 11. Bg5 Qb6 12. Bxf6 gxf6 13. a3 Na6 14. Ne4 f5 15.
dxe6 O-O-O 16. exd7+ Rxd7 17. Ned2 Rg8 18. Qc2 Qg6 19.
g3 f4 20. Qa4 fxg3 21. hxg3 Bg7 22. Nc4 Bd4 23. Qxd7+ Kxd7 24. Nce5+ Ke6 25. Nxg6 hxg6 26. Rfe1+ Kf6 27. Rad1 Rd8 28. Nxd4 cxd4 29. Re4 d3 30. Re3 1-0

[Event "*** Titled Tuesday Blitz"]
[Site "Chess.com"]
[Date "2018.01.02"]
[Round "6"]
[White "DrZeiss"]
[Black "PowerThinking2650"]
[Result "1-0"]
[WhiteElo "2177"]
[BlackElo "2192"]
[TimeControl "180+2"]
[EndTime "14:18:07 PST"]
[Termination "DrZeiss won by resignation"]

1. e4 e5 2. Nf3 Nc6 3. Bb5 a6 4. Ba4 Nf6 5. O-O Be7 6. Re1 b5 7. Bb3 O-O 8. c3 d5 9. exd5 Nxd5 10. Nxe5 Nxe5 11. Rxe5 c6 12. d4 Bd6 13. Re2 Qh4 14.
g3 Qh5 15. Nd2 Bg4 16. f3 Bxf3 17. Nxf3 Qxf3 18. Rf2 Qxd1+ 19. Bxd1 Rae8 20. Bd2 Ne3 21. Bf3 Nd5 22. a4 f5 23. axb5 axb5 24. Ra6 Ne7 25. Bxc6 Nxc6 26. Rxc6 Rd8 27. Rb6 b4 28. c4 Bb8 29. Bxb4 Rf7 30. Bc5 Ba7 31. Rb5 1-0

[Event "*** Titled Tuesday Blitz"]
[Site "Chess.com"]
[Date "2018.01.02"]
[Round "6"]
[White "Superfelix"]
[Black "sergeikim"]
[Result "1-0"]
[WhiteElo "2331"]
[BlackElo "2353"]
[TimeControl "180+2"]
[EndTime "14:18:08 PST"]
[Termination "Superfelix won by resignation"]

1. e4 e5 2. Nf3 Nc6 3. d4 exd4 4. Nxd4 Bc5 5. Nf5 Qf6 6. Nc3 Nge7 7. Ne3 d6 8. Be2 Nd4 9. Bd3 c6 10. O-O a6 11.
Kh1 O-O 12. f4 b5 13. g3 Bh3 14. Rf2 Ng6 15. f5 Ne5 16. Qh5 Ng4 17. Nxg4 Bxg4 18. Qxg4 b4 19. Bg5 Qe5 20. Na4 Ba7 21. f6 g6 22. Rff1 Rfe8 23. Qh4 Kh8 24. Qh6 Rg8 25. Rf4 Ne6 26. Qxh7+ 1-0

[Event "*** Titled Tuesday Blitz"]
[Site "Chess.com"]
[Date "2018.01.02"]
[Round "6"]
[White "gkchesstiger"]
[Black "Kacparov"]
[Result "1-0"]
[WhiteElo "2652"]
[BlackElo "2651"]
[TimeControl "180+2"]
[EndTime "14:18:13 PST"]
[Termination "gkchesstiger won by checkmate"]

1. d4 d6 2. Bf4 g6 3. Nf3 Bg7 4. c3 Nd7 5. h3 e5 6. Bh2 Ne7 7. e3 O-O 8. Be2 b6 9. a4 a6 10. Na3 Bb7 11. O-O h6 12. b4 f5 13. a5 bxa5 14. bxa5 Bd5 15. Nc2 c5 16. Nd2 Qc7 17. dxe5 dxe5 18. e4 Be6 19. Bc4 Bxc4 20. Nxc4 f4 21. f3 Rfd8 22. Qe2 Rab8 23. Kh1 Rb3 24.
Ra3 Rxa3 25. N2xa3 Qc6 26. Bg1 Rb8 27. Rd1 Rb3 28.
Qa2 Qa4 29. Rxd7 Nc6 30. Nd2 c4 31. Nxb3 cxb3 32. Qd2 Qxa3 33. Qd5+ Kh8 34. Qxc6 b2 35. Qxg6 b1=N 36. Rxg7 Qa1 37. Rg8# 1-0

[Event "*** Titled Tuesday Blitz"]
[Site "Chess.com"]
[Date "2018.01.02"]
[Round "6"]
[White "Indianlad"]
[Black "AkshatChandra"]
[Result "0-1"]
[WhiteElo "2649"]
[BlackElo "2679"]
[TimeControl "180+2"]
[EndTime "14:18:13 PST"]
[Termination "AkshatChandra won by resignation"]

1. Nf3 Nf6 2. g3 b6 3. Bg2 Bb7 4. O-O g6 5. c4 c5 6. d4 Bg7 7. d5 b5 8. Qb3 b4 9. Nbd2 O-O 10. e4 d6 11. e5 Ne8 12. Re1 Nd7 13. exd6 exd6 14.
Ne4 Ndf6 15. Nfd2 Nxe4 16. Nxe4 h6 17. Bf4 f5 18. Nc3 g5 19. Be3 bxc3 20. Qxb7 f4 21.
Bxc5 dxc5 22. d6 Rb8 23. Qd5+ Kh8 24. bxc3 Bxc3 25. Re6 Nf6 26. Qf5 Bxa1 27. Bd5 Qd7 28. h4 fxg3 29. hxg5 gxf2+ 30. Kg2 f1=Q+ 31. Qxf1 Nxd5 32. Rxh6+ Kg8 0-1

[Event "*** Titled Tuesday Blitz"]
[Site "Chess.com"]
[Date "2018.01.02"]
[Round "6"]
[White "AnonymousBread"]
[Black "Pirlo1"]
[Result "1-0"]
[WhiteElo "2417"]
[BlackElo "2211"]
[TimeControl "180+2"]
[EndTime "14:18:21 PST"]
[Termination "AnonymousBread won on time"]

1. d4 Nf6 2. Bf4 c5 3. dxc5 e6 4. Nc3 Bxc5 5. e3 d5 6. Nf3 O-O 7. Bd3 Nc6 8. O-O Qe7 9. e4 e5 10. Bg5 dxe4 11. Nxe4 Bg4 12. Re1 Rad8 13. Qc1 Bxf3 14.
gxf3 Kh8 15. Bxf6 gxf6 16. Qh6 Rg8+ 17. Kh1 Rg6 18. Qh4 Bd4 19. Ng3 Bxf2 20. Bxg6 fxg6 21.
Red1 Nd4 22. Qe4 f5 23. Qd3 Bxg3 24. hxg3 e4 25. Qc3 Qg7 26. fxe4 fxe4 27. Kg2 Qf6 28. Rf1 Qe5 29. Rae1 Rd7 30. Rf4 Qd5 31. Rexe4 Kg7 32. Qxd4+ 1-0

[Event "*** Titled Tuesday Blitz"]
[Site "Chess.com"]
[Date "2018.01.02"]
[Round "6"]
[White "chesstatour"]
[Black "SanQui14"]
[Result "0-1"]
[WhiteElo "2037"]
[BlackElo "2191"]
[TimeControl "180+2"]
[EndTime "14:18:21 PST"]
[Termination "SanQui14 won on time"]

1. c4 e5 2. Nc3 Nf6 3. g3 d5 4.
cxd5 Nxd5 5. Bg2 Nb6 6. Nf3 Nc6 7. O-O Be7 8. d3 O-O 9. Be3 Re8 10. Rc1 Bf8 11. a4 Bg4 12. h3 Bh5 13. Nb5 a6 14. Nc3 Nd4 15. Bxd4 exd4 16. Ne4 Nd5 17. Nxd4 c6 18. Nf3 Qa5 19. Qb3 Rab8 20. Rfe1 Bg6 21. Nc3 Nb4 22. Kh2 b5 23. axb5 cxb5 24. Qa3 Qb6 25. e3 Nxd3 26. Qa1 Nxf2 27. Re2 Nd3 28. Rf1 Bc5 29. e4 b4 30. Nd5 Qc6 31. b3 Bxe4 32. Rxe4 Rxe4 33. Ng5 Re2 34. Nf6+ gxf6 0-1

[Event "*** Titled Tuesday Blitz"]
[Site "Chess.com"]
[Date "2018.01.02"]
[Round "6"]
[White "Korchmar_Vasiliy"]
[Black "GM_Huschenbeth"]
[Result "1-0"]
[WhiteElo "2524"]
[BlackElo "2433"]
[TimeControl "180+2"]
[EndTime "14:18:25 PST"]
[Termination "Korchmar_Vasiliy won by checkmate"]

1. d4 d5 2. Bf4 c5 3. e3 Nc6 4. Nf3 Qb6 5. Nc3 cxd4 6. Nb5 Qa5+ 7. c3 dxc3 8. Nc7+ Kd8 9. b4 Qxb4 10. Qxd5+ Bd7 11. Nxa8 Qb2 12. Rd1 Nf6 13. Qb5 Nb4 14. Be2 c2 15. O-O cxd1=Q 16. Rxd1 Nd3 17. Qa5+ b6 18.
Qxa7 e5 19. Bxd3 exf4 20. Bf5 Bd6 21. Nxb6 Bxf5 22. Rxd6+ Ke8 23. Qb8+ Ke7 24. Qc7+ Bd7 25. Rxd7+ Nxd7 26. Qxd7+ Kf6 27. Nd5+ Kg6 28. Qg4+ Kh6 29.
Qg5# 1-0

[Event "*** Titled Tuesday Blitz"]
[Site "Chess.com"]
[Date "2018.01.02"]
[Round "6"]
[White "NewBornNow"]
[Black "TenisMaster"]
[Result "0-1"]
[WhiteElo "2682"]
[BlackElo "2706"]
[TimeControl "180+2"]
[EndTime "14:18:26 PST"]
[Termination "TenisMaster won by resignation"]

1. e4 e5 2. Nf3 Nc6 3. Bc4 Bc5 4. O-O Nf6 5. d3 d6 6. Nbd2 a6 7. a4 O-O 8. c3 Ba7 9. h3 Ne7 10. Re1 Ng6 11. Nf1 c6 12. a5 d5 13. exd5 cxd5 14.
Bb3 e4 15. dxe4 Nxe4 16. Be3 Be6 17. Bxa7 Rxa7 18. Qd4 Ra8 19. Ne3 Nf6 20. Red1 Ne7 21. Qb4 Qc7 22. Nd4 Nc6 23. Qc5 Ne4 24. Nxd5 Nxc5 25.
Nxc7 Nxb3 26. Nxa8 Ncxd4 27. Rab1 Rxa8 28. cxd4 Bf5 0-1

[Event "*** Titled Tuesday Blitz"]
[Site "Chess.com"]
[Date "2018.01.02"]
[Round "6"]
[White "Keaton87"]
[Black "JordiQC"]
[Result "1-0"]
[WhiteElo "2508"]
[BlackElo "1867"]
[TimeControl "180+2"]
[EndTime "14:18:36 PST"]
[Termination "Keaton87 won by checkmate"]

1. e4 c5 2. Nf3 Nc6 3. Bb5 g6 4. O-O Bg7 5. c3 e5 6. d4 cxd4 7. cxd4 Nxd4 8. Nxd4 exd4 9. Nd2 Ne7 10. Nf3 Nc6 11. Bg5 Qb6 12. Bc4 O-O 13. Qd2 Qb4 14. Qxb4 Nxb4 15. Be7 Nc2 16. Bxf8 Kxf8 17. Rac1 Nb4 18. Rfd1 Nc6 19. a3 d6 20. Bd5 Bd7 21.
Ng5 f6 22. Ne6+ Bxe6 23. Bxe6 Ke7 24. Bd5 Rc8 25. Bxc6 bxc6 26. Rxd4 f5 27. Rb4 fxe4 28. Rxe4+ Kd7 29. b4 d5 30. Re2 Ra8 31. Rce1 Bf6 32. Re6 Bg5 33. g3 a5 34. h4 Bd2 35. Re7+ Kc8 36.
Re8+ Kb7 37. R1e7+ Kb6 38. Rxa8 axb4 39. axb4 Bxb4 40. Rxh7 c5 41. Rb8+ Ka5 42. Ra7# 1-0

[Event "*** Titled Tuesday Blitz"]
[Site "Chess.com"]
[Date "2018.01.02"]
[Round "6"]
[White "eldur16"]
[Black "1e41-0"]
[Result "1-0"]
[WhiteElo "2511"]
[BlackElo "2368"]
[TimeControl "180+2"]
[EndTime "14:18:41 PST"]
[Termination "eldur16 won by resignation"]

1. c4 e5 2. g3 c6 3. d4 e4 4. Nc3 d5 5. cxd5 cxd5 6. Nh3 Nc6 7. Bg2 h6 8. Nf4 Nf6 9. h4 Be7 10. e3 O-O 11. f3 Re8 12. fxe4 Bg4 13. Qb3 Nxe4 14.
Nxe4 Bb4+ 15. Kf2 dxe4 16. d5 g5 17. hxg5 hxg5 18. dxc6 gxf4 19. Qxb4 fxg3+ 20. Kxg3 Qg5 21. Kf2 Qf6+ 22. Kg1 Rad8 23. Bd2 Bf3 24. Bc3 Re5 25. Bxe5 Qxe5 26. Qc3 Qxc3 27. bxc3 Bxg2 28. Kxg2 bxc6 29. Kg3 Rd3 30. Kf4 Rxc3 31. Rhc1 1-0

[Event "*** Titled Tuesday Blitz"]
[Site "Chess.com"]
[Date "2018.01.02"]
[Round "6"]
[White "LawrenceTrent"]
[Black "Saitama_Hero"]
[Result "1-0"]
[WhiteElo "2397"]
[BlackElo "2199"]
[TimeControl "180+2"]
[EndTime "14:18:42 PST"]
[Termination "LawrenceTrent won by resignation"]

1. e4 d6 2. d4 g6 3. Nc3 Bg7 4. Bg5 c6 5. Qd2 b5 6. f4 Nf6 7.
Bd3 O-O 8. Nf3 b4 9. Ne2 c5 10. dxc5 dxc5 11. e5 Ng4 12. h3 c4 13. Be4 Qxd2+ 14. Kxd2 Nf2 15. Bxa8 Nxh1 16. Rxh1 Ba6 17. Bxe7 c3+ 18. bxc3 bxc3+ 19. Nxc3 Rc8 20. Rb1 Bh6 21. g3 Bc4 22. Bd6 Nd7 23. Bd5 Nb6 24. Bb7 Rd8 25. Ke1 Be6 26. Ne4 Bg7 27. h4 h6 28.
Bc7 Re8 29. Bxb6 axb6 30. Rxb6 Bg4 31. Kf2 Kf8 32. Nf6 1-0

[Event "*** Titled Tuesday Blitz"]
[Site "Chess.com"]
[Date "2018.01.02"]
[Round "6"]
[White "AljoschaFeuerstack"]
[Black "MatthewG-p4p"]
[Result "1-0"]
[WhiteElo "1880"]
[BlackElo "2597"]
[TimeControl "180+2"]
[EndTime "14:18:47 PST"]
[Termination "AljoschaFeuerstack won by resignation"]

1. e4 e6 2. d4 d5 3. Nd2 c5 4. Ngf3 cxd4 5. exd5 Qxd5 6. Bc4 Qd6 7.
O-O Nf6 8. Qe2 Nc6 9. Rd1 a6 10. c3 Be7 11. Ne4 Nxe4 12. Qxe4 e5 13. cxd4 f5 14.
Qe1 e4 15. Ng5 Nd8 16. Qe2 b5 17. Bb3 Bb7 18. a4 b4 19. a5 Bd5 20. Ba4+ Kf8 21. f3 exf3 22. Nxf3 Ne6 23. Be3 Bf6 24. Ne5 Rd8 25.
Rac1 Bxe5 26. dxe5 Qxe5 27. Bc5+ 1-0

[Event "*** Titled Tuesday Blitz"]
[Site "Chess.com"]
[Date "2018.01.02"]
[Round "6"]
[White "Marcus_Harvey"]
[Black "Tonychess32"]
[Result "0-1"]
[WhiteElo "2545"]
[BlackElo "2429"]
[TimeControl "180+2"]
[EndTime "14:19:12 PST"]
[Termination "Tonychess32 won by resignation"]

1. Nf3 Nf6 2. b3 d5 3. Bb2 Nc6 4. e3 g6 5. c4 dxc4 6. Bxc4 Bg7 7. O-O O-O 8. h3 a6 9. Qc1 Bf5 10. d4 h6 11. Rd1 Nb4 12. Na3 c6 13. Bf1 g5 14. Ne5 Ne4 15. Nac4 Nd5 16. f3 Ng3 17. e4 Nf4 18. Kf2 Nh1+ 19. Kg1 Ng3 20. Qe3 Be6 21. Qf2 Nxf1 22. Qxf1 Qc7 23. a4 b5 24. axb5 axb5 25.
Nd2 Qb6 26. Kh2 Bxe5 27. dxe5 Rxa1 28. Bxa1 Rd8 29. b4 c5 30. bxc5 Qxc5 31. Nb1 Rxd1 32. Qxd1 Qf2 33. Qg1 Qc2 34. Nc3 b4 35. Nd5 Bxd5 36. exd5 b3 37. d6 b2 38. dxe7 bxa1=Q 39. e8=Q+ Kg7 0-1

[Event "*** Titled Tuesday Blitz"]
[Site "Chess.com"]
[Date "2018.01.02"]
[Round "6"]
[White "milovanratkovic"]
[Black "Vamostodorecto"]
[Result "1-0"]
[WhiteElo "2453"]
[BlackElo "2356"]
[TimeControl "180+2"]
[EndTime "14:19:17 PST"]
[Termination "milovanratkovic won on time"]

1. d4 Nf6 2. Bg5 Ne4 3. Bf4 c5 4.
f3 Qa5+ 5. c3 Nf6 6. d5 Qb6 7. Bc1 e6 8. e4 exd5 9. exd5 d6 10. Na3 Be7 11. Nc4 Qc7 12. a4 b6 13.
Bd3 O-O 14. Ne2 Bb7 15. Ne3 Re8 16. c4 Nbd7 17. O-O Bf8 18. Nf5 Ne5 19. Bg5 Nfd7 20.
Bc2 f6 21. Bf4 Nxc4 22. Qd3 Nde5 23. Ne7+ Qxe7 24. Qxh7+ Kf7 25. Bxe5 Qxe5 26. Rfe1 Qe3+ 27. Kh1 Qh6 28. Qd3 Ne5 29. Qb5 Bxd5 30. Nc3 Bc6 31. Bb3+ Kg6 32. Bc2+ 1-0

[Event "*** Titled Tuesday Blitz"]
[Site "Chess.com"]
[Date "2018.01.02"]
[Round "6"]
[White "kikydu96"]
[Black "GMKrikor"]
[Result "0-1"]
[WhiteElo "2432"]
[BlackElo "2666"]
[TimeControl "180+2"]
[EndTime "14:19:25 PST"]
[Termination "GMKrikor won by resignation"]

1. b3 b6 2. Bb2 Bb7 3. Nf3 e6 4. e3 Nf6 5. Be2 d5 6. O-O Bd6 7. c4 O-O 8. Nc3 Nbd7 9. d3 Re8 10. Qc2 c5 11. Rac1 Rc8 12. Rfd1 a6 13. Qb1 Qe7 14. cxd5 exd5 15. d4 c4 16. bxc4 dxc4 17. d5 b5 18. Nd4 g6 19. Bf3 Ne5 20. a3 Bxa3 21. Bxa3 Qxa3 22.
Ncxb5 axb5 23. Qxb5 Nxf3+ 24. Nxf3 Bxd5 25. Nd4 Qc5 26. Qa6 Kg7 27. Nb3 Qc6 28. Qa5 Bxg2 29. Nd4 Qe4 30. Qc3 Bh3 31. f3 Qxe3+ 32. Qxe3 Rxe3 33. Kf2 Rd3 34. Nb5 Rxd1 35. Rxd1 c3 36. Rc1 c2 37.
Nd4 Bf5 38. Ke3 Rc3+ 39. Ke2 Nd5 40. Nb5 Bd3+ 0-1

[Event "*** Titled Tuesday Blitz"]
[Site "Chess.com"]
[Date "2018.01.02"]
[Round "6"]
[White "DiogenesSinopeus"]
[Black "ChessicallyInclined"]
[Result "1-0"]
[WhiteElo "2392"]
[BlackElo "2209"]
[TimeControl "180+2"]
[EndTime "14:19:29 PST"]
[Termination "DiogenesSinopeus won on time"]

1. d4 d5 2. c4 e6 3. Nc3 Nf6 4. cxd5 exd5 5. Bg5 Be7 6. e3 c6 7. Bd3 Nbd7 8. Qc2 h6 9. Bh4 Nh5 10. Bxe7 Qxe7 11. Nge2 Nb6 12. O-O O-O 13. Na4 Nxa4 14. Qxa4 Bg4 15. b4 Bxe2 16. Bxe2 Nf6 17. b5 cxb5 18.
Qxb5 a6 19. Qb6 Rfc8 20. h3 Qc7 21. Rab1 Qc2 22. Rb2 Qa4 23. Bd1 Qa3 24. Bf3 Rab8 25. Rfb1 Rc6 26. Qb4 Qxb4 27. Rxb4 b6 28. Be2 Ne4 29.
Bxa6 Rc2 30. R4b2 Rxb2 31. Rxb2 Nd6 32. Bd3 f5 33. a4 Nc4 34. Rb5 Ra8 35. Rxd5 Nb2 36.
Bb5 Nxa4 37. Rxf5 Nc3 38. Bc6 Rb8 39. Bb5 Ra8 40. Bc4+ Kh8 41. d5 b5 42. Bd3 b4 43.
d6 b3 44. Rc5 1-0

[Event "*** Titled Tuesday Blitz"]
[Site "Chess.com"]
[Date "2018.01.02"]
[Round "6"]
[White "Grebeniuk-S"]
[Black "ChEsper99"]
[Result "0-1"]
[WhiteElo "2382"]
[BlackElo "2052"]
[TimeControl "180+2"]
[EndTime "14:19:37 PST"]
[Termination "ChEsper99 won by checkmate"]

1. d4 Nf6 2. Nf3 e6 3. e3 d5 4.
Bd3 Be7 5. Nbd2 O-O 6. Ne5 Nbd7 7. f4 c5 8. c3 Bd6 9. Qf3 Rb8 10. O-O Ne8 11. g4 f6 12. Qh3 g6 13. g5 fxe5 14.
Qxe6+ Kg7 15. Qxd5 Nb6 16. Qg2 exf4 17. Ne4 cxd4 18.
exd4 Bf5 19. Bxf4 Bxf4 20. Rxf4 Nd6 21. Raf1 Nxe4 22. Bxe4 Qd7 23. Bxf5 Rxf5 24. Rxf5 gxf5 25. Qh3 Rf8 26. Qh6+ Kg8 27. Re1 Nd5 28. Re6 Nf4 29. Rd6 Qe7 30. Qh4 Qe3+ 31. Kf1 Qe2+ 32. Kg1 Qg2# 0-1

[Event "*** Titled Tuesday Blitz"]
[Site "Chess.com"]
[Date "2018.01.02"]
[Round "6"]
[White "Aleksey_Sorokin"]
[Black "viktorskliarov"]
[Result "1/2-1/2"]
[WhiteElo "2749"]
[BlackElo "2441"]
[TimeControl "180+2"]
[EndTime "14:19:39 PST"]
[Termination "Game drawn by repetition"]

1. d4 Nf6 2. c4 e6 3. Nf3 b6 4. a3 Bb7 5. Nc3 d5 6. cxd5 Nxd5 7. Qc2 Be7 8. e4 Nxc3 9. bxc3 O-O 10. Bd3 c5 11. O-O Nc6 12. d5 exd5 13. exd5 Qxd5 14.
Bxh7+ Kh8 15. Rd1 Qh5 16. Be4 Bf6 17. Bf4 Na5 18. Bxb7 Nxb7 19. Qe4 Na5 20. Rd5 Qg6 21. Qe3 Rfe8 22. Ne5 Bxe5 23. Rxe5 f6 24. Re7 Rxe7 25.
Qxe7 Re8 26. Qxa7 Qe4 27. Be3 Nc4 28. Qa4 Nxe3 29. Qxe4 Rxe4 30. Re1 Ra4 31. Rxe3 Rxa3 32. g4 Rb3 33. Kg2 b5 34. Re8+ Kh7 35. Rb8 b4 36.
cxb4 Rxb4 37. Rc8 Rxg4+ 38. Kf3 Rg5 39. h4 Re5 40. Kf4 Kg6 41. f3 Rf5+ 42. Kg4 Rd5 43. Rc7 Rd4+ 44. Kg3 c4 45. Kh3 Rd3 46. Kg4 c3 47.
h5+ Kh6 48. f4 Re3 49. Kf5 Rh3 50. Kg4 Rxh5 51. Rxc3 f5+ 52. Kg3 g6 53. Rc8 Kg7 54. Rc7+ Kf6 55. Rc6+ Kf7 56. Rc7+ Kf6 57. Rc6+ Kf7 58.
Rc7+ Kf6 59. Rc6+ Kf7 60. Rc7+ Kf6 61. Rc6+ Kf7 62. Rc7+ Kf6 1/2-1/2